Map: Vaani Research Station (Void)

Players

INnoVation - Winner!

  • Race: Terran Terran
  • Spawn Location: 6:00

Trust

  • Race: Protoss Protoss
  • Spawn Location: 12:00

Event: IEM Season 11 - Gyeonggi

VOD

Have the link to the VOD?

Description

Time

  • Played on: Dec. 14, 2016, 8:51 p.m.
  • Length: 7:55

All games in this series

Show
View Real Time Build Order
Export as new Build Order

INnoVation Terran - Winner!

Build Orders: Gas First Rax into Mech, Reaper Expand, MMM Bio 

Get SALT Encoding   

  12  0:00  SCV  
  13  0:12  SCV  
  14  0:17  Supply Depot  
  14  0:24  SCV  
  15  0:29  Refinery  
  15  0:39  SCV  
  16  0:45  Barracks  
  16  0:51  SCV  
  17  1:03  SCV  
  18  1:15  SCV  
  19  1:31  Orbital Command  
  19  1:32  Reaper  
  20  1:44  Command Center  
  20  1:54  Factory  
  20  1:58  SCV  
  21  2:06  Barracks Reactor  
  21  2:10  SCV  
  21  2:13  Supply Depot  
  22  2:15  Refinery  
  22  2:22  SCV  
  23  2:35  SCV  
  24  2:42  Marine x2, Starport  
  26  2:46  Widow Mine  
  26  2:47  SCV  
  29  2:56  Orbital Command  
  29  2:59  SCV  
  29  3:01  Marine x2  
  32  3:11  SCV  
  33  3:14  Widow Mine  
  33  3:18  Medivac  
  37  3:21  Barracks  
  37  3:23  SCV  
  37  3:25  SCV  
  39  3:29  Marine x2  
  39  3:34  Supply Depot  
  41  3:37  SCV  
  41  3:38  SCV  
  43  3:43  Factory Tech Lab  
  43  3:49  SCV  
  43  3:50  SCV  
  43  3:52  Engineering Bay  
  45  4:00  Marine x2  
  45  4:01  SCV  
  45  4:02  SCV  
  49  4:04  Supply Depot  
  49  4:05  Siege Tank  
  52  4:11  Barracks Tech Lab  
  52  4:15  SCV x2  
  54  4:22  Missile Turret x2  
  54  4:26  Marine x2, Viking  
  58  4:34  Stimpack  
  58  4:35  Marine, Missile Turret  
  59  4:39  SCV x2  
  59  4:43  Supply Depot  
  59  4:52  Marine x2  
  61  4:53  Marine  
  61  4:56  Starport Reactor  
  61  4:57  Supply Depot  
  62  5:01  SCV x2  
  62  5:02  Terran Infantry Weapons Level 1  
  62  5:11  Siege Tank  
  62  5:12  Barracks  
  65  5:17  Refinery  
  65  5:18  Refinery  
  66  5:21  SCV x2  
  66  5:24  Marine x3  
  69  5:30  Supply Depot  
  69  5:33  SCV x2  
  71  5:42  Marine x2  
  75  5:43  Marauder, Supply Depot  
  75  5:45  SCV x2  
  77  5:53  Factory Reactor, Medivac x2  
  81  5:57  SCV, Supply Depot  
  81  5:58  SCV  
  82  6:05  Marine x2, Marauder  
  82  6:09  Supply Depot  
  82  6:11  SCV x2, Combat Shields  
  88  6:12  Marauder  
  90  6:20  Supply Depot  
  90  6:24  Marine x2  
  92  6:26  Marauder  
  92  6:29  Widow Mine x2  
  92  6:30  Medivac  
  92  6:31  Supply Depot  
  100  6:34  Marauder, Medivac  
  100  6:37  Concussive Shells  
  104  6:43  Supply Depot  
  104  6:46  Marine x2  
  106  6:49  Marauder  
  107  6:55  Marauder  
  107  6:57  Widow Mine x2  
  113  7:04  Marine x2  
  115  7:10  Command Center  
  113  7:24  Marine x2, Marauder x2  
  113  7:26  Widow Mine  
  118  7:33  Supply Depot  
Show
View Real Time Build Order
Export as new Build Order

Trust Protoss 

Build Orders: 1 Gate Expand, Dark Templar Rush 

Get SALT Encoding   

  12  0:01  Probe (Chrono Boost)  
  13  0:12  Probe (Chrono Boost)  
  14  0:19  Pylon  
  14  0:22  Probe (Chrono Boost)  
  15  0:37  Probe (Chrono Boost)  
  15  0:38  Gateway  
  16  0:43  Assimilator  
  16  0:48  Probe (Chrono Boost)  
  17  0:58  Probe (Chrono Boost)  
  18  1:09  Probe (Chrono Boost)  
  19  1:19  Nexus  
  19  1:29  Cybernetics Core  
  19  1:33  Probe (Chrono Boost)  
  19  1:38  Assimilator  
  20  1:43  Probe (Chrono Boost)  
  21  1:48  Pylon  
  22  1:54  Probe (Chrono Boost)  
  22  2:03  Adept  
  22  2:05  Warp Gate  
  22  2:06  Probe (Chrono Boost)  
  25  2:18  Mothership Core (Chrono Boost)  
  27  2:31  Robotics Facility  
  27  2:34  Probe (Chrono Boost)  
  28  2:37  Adept  
  28  2:38  Probe (Chrono Boost)  
  31  2:44  Probe (Chrono Boost)  
  32  2:53  Probe (Chrono Boost)  
  32  2:55  Twilight Council  
  32  2:57  Probe (Chrono Boost)  
  34  3:04  Adept  
  34  3:05  Probe (Chrono Boost)  
  35  3:08  Probe (Chrono Boost)  
  38  3:14  Warp Prism  
  38  3:17  Probe (Chrono Boost)  
  41  3:24  Pylon  
  42  3:27  Probe (Chrono Boost)  
  42  3:34  Dark Shrine  
  44  3:45  Probe x2 (Chrono Boost)  
  46  3:52  Gateway  
  46  3:59  Assimilator  
  46  4:00  Gateway, Probe x2 (Chrono Boost)  
  46  4:01  Observer  
  46  4:09  Pylon  
  47  4:12  Probe x2 (Chrono Boost), Adept  
  47  4:16  Assimilator  
  50  4:36  Probe x2 (Chrono Boost)  
  51  4:53  Probe x2 (Chrono Boost)  
  51  4:54  Blink  
  53  5:05  Probe x2 (Chrono Boost)  
  51  5:07  Forge  
  50  5:14  Stalker x3  
  50  5:15  Probe x2 (Chrono Boost)  
  58  5:27  Protoss Ground Weapons Level 1  
  58  5:29  Nexus  
  58  5:30  Probe x2 (Chrono Boost)  
  60  5:40  Probe (Chrono Boost)  
  60  5:41  Probe (Chrono Boost)  
  62  5:50  Pylon  
  62  5:52  Pylon  
  62  6:02  Probe x2 (Chrono Boost)  
  62  6:07  Gateway  
  62  6:08  Gateway  
  62  6:10  Gateway  
  62  6:11  Sentry x2  
  64  6:13  Sentry  
  64  6:14  Probe (Chrono Boost)  
  64  6:15  Observer  
  64  6:17  Probe (Chrono Boost)  
  71  6:22  Pylon  
  71  6:31  Pylon  
  73  6:32  Probe (Chrono Boost)  
  73  6:33  Probe (Chrono Boost)  
  73  6:35  Gateway  
  73  6:41  Probe (Chrono Boost)  
  73  6:44  Dark Templar  
  73  6:45  Probe x2 (Chrono Boost)  
  78  6:47  Dark Templar  
  78  6:53  Probe (Chrono Boost)  
  81  6:57  Probe x2 (Chrono Boost)  
  81  6:59  Photon Cannon  
  81  7:05  Dark Templar, Adept  
  81  7:06  Adept  
  87  7:13  Stalker  
  89  7:18  Stalker  
  83  7:23  Dark Templar  
  77  7:31  Stalker x2  
  69  7:39  Stalker x2  
  69  7:40  Probe (Chrono Boost)  
  69  7:42  Probe x2 (Chrono Boost)  

Tags
 
Add a new tag
Caveats
  • Supply blocks, unpowered buildings, or Contaminate may cause inaccurate times.
  • Supply counts are checked every 10 seconds.